 Dungeon Crawl Stone Soup version 0.31-a0-774-g0d66cbabe8 (webtiles) character file.

Game seed: 6301782330632154710

56 Shayle the Trooper (level 3, -2/36 HPs)
             Began as an Ogre Hexslinger on Sept 18, 2023.
             Slain by a scorpion (7 damage)
             ... on level 3 of the Dungeon.
             The game lasted 00:02:26 (1820 turns).

Shayle the Trooper (Ogre Hexslinger)                Turns: 1820, Time: 00:02:27

Health: -2/36      AC:  3    Str: 12    XL:     3   Next: 97%
Magic:  6/6        EV: 10    Int: 16    God:
Gold:   125        SH:  0    Dex: 11    Spells: 5/6 levels left

rFire   . . .        a - +2 sling
rCold   . . .        (no shield)
rNeg    . . .        c - +0 robe
rPois   .            (helmet restricted)
rElec   .            (no cloak)
rCorr   .            (gloves unavailable)
SInv    .            (boots unavailable)
Will    .....        h - amulet of the acrobat
Stlth   +            (no ring)
HPRegen 0.26/turn    (no ring)
MPRegen 0.10/turn

%: acrobat
@: mighty, brilliant, lethally poisoned (-2 -> -5)
A: large, unfitting armour, tough skin 1
a: no special abilities


You were on level 3 of the Dungeon.
You visited 1 branch of the dungeon, and saw 3 of its levels.

You collected 125 gold pieces.

Inventory:

Hand Weapons
 a - a +2 sling (weapon)
Armour
 c - a +0 robe (worn)
Jewellery
 h - an amulet of the acrobat (around neck)
Scrolls
 b - a scroll of poison
Potions
 e - a potion of might
 g - a potion of brilliance
 j - a potion of curing {unknown}


   Skills:
 + Level 2.8 Fighting
 - Level 1.3 Ranged Weapons
 + Level 2.4 Dodging
 + Level 2.2 Spellcasting
 + Level 0.8 Conjurations
 - Level 2.6 Hexes
 - Level 0.8 Fire Magic
 + Level 0.6 Air Magic


You had 5 spell levels left.
You knew the following spells:

 Your Spells              Type           Power      Damage    Failure   Level
a - Shock                 Conj/Air       24%        1d4       16%         1

Your spell library contained the following spells:

 Spells                   Type           Power      Damage    Failure   Level
 Jinxbite                 Hex            30%        N/A       11%         2
 Sigil of Binding         Hex            15%        N/A       21%         3
 Inner Flame              Hex/Fire       11%        N/A       30%         3
 Swiftness                Air            5%         N/A       43%         3
 Cause Fear               Hex            7%         N/A       56%         4
 Dimensional Bullseye     Hex/Tloc       4%         N/A       75%         4
 Airstrike                Air            2%         2d(1-17)  83%         4


Dungeon Overview and Level Annotations

Branches:
Dungeon (3/15)

Altars:


Innate Abilities, Weirdness & Mutations

You are too large for most types of armour.
You have tough skin. (AC +1)


Message History

The scorpion poisons you!
You shoot a sling bullet.
The sling bullet closely misses the scorpion.
You feel very sick.
The scorpion stings you but does no damage.
It was a potion of brilliance.
You feel clever all of a sudden.
You feel sick. The scorpion stings you. The scorpion closely misses you.
It was a potion of might.
You feel very mighty all of a sudden.
You feel sick. The scorpion stings you.
You shoot a sling bullet.
The sling bullet barely misses the scorpion.
You feel sick. The scorpion stings you.
You shoot a sling bullet. The sling bullet hits the scorpion.
The scorpion is moderately wounded.
You feel sick. The scorpion stings you.
The scorpion stings you but does no damage.
It was a potion of heal wounds.
You feel much better.
You feel sick.
You are no longer poisoned.
The scorpion stings you.
You are poisoned.
The scorpion poisons you!
You shoot a sling bullet. The sling bullet hits the scorpion.
The scorpion is moderately wounded.
You feel very sick. The scorpion stings you! The scorpion barely misses you.
You shoot a sling bullet.
The sling bullet barely misses the scorpion.
You feel very sick. The scorpion stings you. x2
* * * LOW HITPOINT WARNING * * *
You are too injured to fight recklessly!
As you read the scroll labelled GEHOGE ZUGO, it dissolves into smoke.
It was a scroll of fog.
You feel sick. The scorpion stings you.
* * * LOW HITPOINT WARNING * * *
As you read the scroll labelled ISIPTA VUACS, it crumbles to dust.
It is a scroll of enchant weapon.
Your +1 sling glows red for a moment.
You feel sick. The scorpion stings you!
You die...

... ### †.. #.#
... ... #.# #.#
#.# #.# #.# #.#
#.# #.# #.# #.#
#.#####.# #§#
######.##....# #s#
......<...#..# #@#
#########....###§#
#.......§§#
#.#.#.#########
#.#.#..........
#.#.###########
#.#.# #. ..


You could see a scorpion.

Vanquished Creatures
  An adder (D:2)
  A worm (D:2)
  A dart slug (D:2)
  5 ball pythons
  4 endoplasms
  2 giant cockroaches
  3 goblins (D:1)
  3 hobgoblins
  2 jackals (D:1)
  5 kobolds
  4 quokkas
  2 bats (D:1)
  A frilled lizard (D:1)
  7 rats
41 creatures vanquished.

Notes
Turn   | Place    | Note
-------+----------+-------------------------------------------
     0 | D:1      | Shayle the Ogre Hexslinger began the quest for the Orb.
     0 | D:1      | Reached XP level 1. HP: 19/19 MP: 2/2
   202 | D:1      | Reached XP level 2. HP: 28/28 MP: 4/4
   503 | D:1      | Found a faded altar of an unknown god.
   826 | D:1      | Learned a level 1 spell: Shock
   887 | D:1      | Reached XP level 3. HP: 21/36 MP: 4/6
  1806 | D:3      | Noticed a scorpion
  1820 | D:3      | Slain by a scorpion

Illustrated notes

Levels and vault maps discovered:
D:1:      wander_arrival_desolate, layout_basic,
          dreamdust_ecumenical_altar_angels_and_demons, serial_curves,
          eino_curves_02, eino_curves_03, serial_park_tiny_pond,
          nrook_mini_backslash, minmay_misc_feat_five, minmay_heptomino_d4
D:2:      layout_basic
D:3:      layout_loops_ring

Skill      XL: |  1  2 |
---------------+-------+-----
Dodging        | 2 |  2.4
Fighting       | 2 |  2.8
Spellcasting   | 2 |  2.2
Ranged Weapons | |  1.3
Conjurations   | |  0.8
Hexes          | |  2.6
Fire Magic     | |  0.8
Air Magic      | |  0.6

Action                     || total
---------------------------++-------
   Fire: Sling             ||   133
    Use: Potion            ||     3
         Scroll            ||     2
 Armour: Robe              ||    51
  Dodge: Dodged            ||    36

Table legend: (Time is in decaauts)
 A = Elapsed time spent in this place.
 B = Non-inter-level travel time spent in this place.
 C = Inter-level travel time spent in this place.
 D = Time resting spent in this place.
 E = Time spent auto-exploring this place.
 F = Levels seen in this place.
 G = Mean time per level.
                   A        B        C        D        E       F      G
               +--------+--------+--------+--------+--------+-----+--------+
         Total |   1864 |   1822 |     42 |      0 |   1530 |   3 |  621.3 |
       Dungeon |   1864 |   1822 |     42 |      0 |   1530 |   3 |  621.3 |
               +--------+--------+--------+--------+--------+-----+--------+

Top non-repeatable levels by time:
     D:1: 1091 daAuts
     D:2: 733 daAuts
     D:3: 39 daAuts
